AoeStats
← Snobyman

Black Forest

509524105Analyzed
4v4 RM · 6d ago on Sep 27, 2026· 23m 42s· 8 players
Game mode
Random Map
Map size
Large (8 player)
Population
200
Speed
Normal
Resources
Standard
Victory
Conquest
Starting age
Dark Age
Ending age
Imperial Age
RankedLock teamsTeams togetherTeam positionsShared explorationLock speedFull tech treeHidden civsTurbo modeCheats
Victory
Defeat
🇲🇽 Portuguese · Mexico
542
+11
🇳🇿 Varangians · New Zealand
518
+12
🇲🇽 Portuguese · Mexico
449
+15
🇺🇸 Franks · United States
364
+18
🇦🇺 Saxons · Australia
457
-15
🇧🇴 Danes · Bolivia
414
-14
🇪🇸 Khmer · Spain
413
-14
🇨🇴 Magyars · Colombia
406
-13
ruben92_7
12:08 Feudal Age
14:47 Wheelbarrow
PRIMUS INTER PARES
1:05 Loom
16:49 Feudal Age
18:49 Double-Bit Axe
19:43 Wheelbarrow
18:43 Man-at-Arms
Snobyman
1:28 Loom
13:30 Feudal Age
15:15 Wheelbarrow
15:09 Gold Mining
15:09 Double-Bit Axe
17:13 Horse Collar
20:06 Stone Mining
El Messias
0:32 Loom
15:56 Feudal Age
16:26 Double-Bit Axe
Treblax
12:23 Feudal Age
12:56 Double-Bit Axe
14:08 Wheelbarrow
16:46 Town Watch
20:36 Fletching
20:52 Padded Archer Armor
21:16 Man-at-Arms
21:52 Gold Mining
23:30 Forging
23:40 Scale Mail Armor
24:01 Stone Mining
SrAbraham994
1:36 Loom
12:02 Feudal Age
13:35 Horse Collar
13:42 Double-Bit Axe
16:33 Wheelbarrow
16:57 Arson
22:04 Scale Barding Armor
23:18 Padded Archer Armor
23:19 Scale Mail Armor
23:04 Man-at-Arms
Goku18996640
1:08 Loom
19:23 Feudal Age
Lag
14:23 Feudal Age
13:32 Loom
14:57 Horse Collar
15:09 Double-Bit Axe
19:06 Bloodlines
24:16 Castle Age
Connection lost

Rejoining the realm…

Still unreachable

The connection could not be restored.

Session expired

The server has moved on; the page needs a fresh start.